 Dungeon Crawl Stone Soup version 0.26-a0-639-g72c4674329 (webtiles) character file.

Game seed: 13219681011101936879

91 Borgoz the Skirmisher (level 4, -18/29 HPs)
             Began as a Gargoyle Berserker on Sept 18, 2020.
             Was a Believer of Trog.
             Killed from afar by a wizard (27 damage)
             ... with a bolt of cold
             ... on level 1 of the Abyss.
             The game lasted 00:01:49 (1689 turns).

Borgoz the Skirmisher (Gargoyle Berserker)          Turns: 1689, Time: 00:01:50

Health: -18/29     AC:  9    Str: 20    XL:     4   Next: 59%
Magic:  4/4        EV: 11    Int:  8    God:    Trog [**....]
Gold:   144        SH:  0    Dex: 10    Spells: 3/3 levels left

rFire    . . .     SeeInvis .   a - +0 mace
rCold    . . .     Faith    .   (no shield)
rNeg     + . .     Spirit   .   e - +0 ring mail (curse)
rPois    ∞         Reflect  .   (no helmet)
rElec    +         Harm     .   (no cloak)
rCorr    .         Rampage  .   (no gloves)
MR       ++...                  (no boots)
Stlth    ..........             (no amulet)
HPRegen  1.09/turn              (no ring)
MPRegen  0.09/turn              (no ring)

@: regenerating
A: negative energy resistance 1, electricity resistance, unbreathing,
petrification resistance, rot immunity, AC +3
a: Berserk, Trog's Hand, Renounce Religion


You were on level 1 of the Abyss.
You worshipped Trog.
Trog was pleased with you.
You visited 1 branch of the dungeon, and saw 3 of its levels.
You visited the Abyss 1 time.

You collected 144 gold pieces.

Inventory:

Hand Weapons
 a - a +0 mace (weapon)
Armour
 e - a cursed +0 ring mail (worn)
Scrolls
 b - 4 scrolls of fear {unknown}
 c - a scroll of teleportation {unknown}
 d - 4 scrolls of identify {unknown}
 h - a scroll of enchant weapon {unknown}
 k - a scroll of magic mapping {unknown}
 n - 2 scrolls of amnesia {unknown}
 q - a scroll of remove curse {unknown}
 r - a scroll of random uselessness {unknown}
Potions
 f - 2 potions of cancellation {unknown}
 g - a potion of haste {unknown}
 i - a potion of mutation {unknown}
 j - a potion of magic {unknown}
 l - 2 potions of flight {unknown}
 m - a potion of brilliance {unknown}
 o - a potion of might {unknown}
 p - a potion of berserk rage {unknown}


   Skills:
 + Level 4.1 Fighting
 + Level 3.6 Maces & Flails
 + Level 3.1 Armour
 + Level 2.3 Dodging


You had 3 spell levels left.
You didn't know any spells.
Your spell library was empty.

Dungeon Overview and Level Annotations

Branches:
Dungeon (3/15)

Altars:
Fedhas
Qazlal
Vehumet
Wu Jian


Innate Abilities, Weirdness & Mutations

You are resistant to torment.
Your stone body is resilient. (AC +3)
You are immune to poison.
You resist negative energy. (rN+)
You are resistant to electric shocks. (rElec)
You can survive without breathing.
You are immune to petrification.
You are immune to rotting.


Message History

This branch contains the abyssal rune of Zot.
HP restored.
Found a scale mail.
You see here a scale mail.
q - a scroll labeled HAMIOF WINACAR
Found 23 arrows.
A wizard comes into view. It is wielding a +1 dagger of venom.
The wizard casts a spell at you. The bolt of cold hits you!!
Ouch! That really hurt!
* * * LOW HITPOINT WARNING * * *
You see here a scroll labeled NAIBOO JIKOI.
r - a scroll labeled NAIBOO JIKOI
Okay, then.
Your skin crawls.
You feel resistant to hostile enchantments.
The wizard points at you and mumbles some strange words.
The bolt of cold hits you!!
Ouch! That really hurt!
You die...

#.#.#. (. .#
..#.# ..##
....#.## # .
.....#...# # .
###.##...#. .#.
......#.#......
##..#..##...#..
#...§...p.#.#
...###.#......
.. #.@..##.....
#.##....#...#
.. .##......
... . ..##..
..# #. .## . .
.. # .#


You could see a wizard.

Vanquished Creatures
  3 adders (D:2)
  An ooze (D:1)
  An adder skeleton (D:2)
  4 dart slugs
  A giant cockroach (D:2)
  4 goblins
  5 hobgoblins
  6 jackals
  10 kobolds
  3 ball pythons (D:2)
  6 bats
  A frilled lizard (D:2)
  6 rats
51 creatures vanquished.

Vanquished Creatures (others)
  A fungus (D:2)
  4 plants (D:2)
5 creatures vanquished.

Grand Total: 56 creatures vanquished

Notes
Turn   | Place    | Note
-------+----------+-------------------------------------------
     0 | D:1      | Borgoz the Gargoyle Berserker began the quest for the Orb.
     0 | D:1      | Reached XP level 1. HP: 14/14 MP: 1/1
   173 | D:1      | Reached XP level 2. HP: 19/19 MP: 2/2
   348 | D:1      | Reached XP level 3. HP: 23/23 MP: 3/3
   804 | D:2      | Reached ** piety under Trog
   834 | D:2      | Found a blossoming altar of Fedhas.
   836 | D:2      | Found a stormy altar of Qazlal.
   886 | D:2      | Reached XP level 4. HP: 29/29 MP: 4/4
   896 | D:2      | Found an ornate altar of the Wu Jian Council.
   896 | D:2      | Found a radiant altar of Vehumet.
  1043 | D:2      | Reached skill level 4 in Fighting
  1617 | D:3      | Cast into level 1 of the Abyss (orc)
  1685 | Abyss:1  | Noticed a wizard
  1689 | Abyss:1  | Killed from afar by a wizard

Illustrated notes

Levels and vault maps discovered:
D:1:      tarquinn_simple_flora_water_f, layout_loops_ring, minmay_tromino_v4_b
D:2:      layout_rooms, grunt_temple_overflow_forces_of_nature,
          amethyst_overflow_temple_binary
D:3:      layout_basic, grunt_dithmenos_smoke_and_mirrors,
          overflow_temple_1_default, serial_bayou_lagoon_b, uniq_grinder
Abyss:1:  base: D:2, minivault_25_ag

Skill      XL: |  1  2  3  4 |
---------------+-------------+-----
Dodging        | 2 |  2.3
Armour         | 3 |  3.1
Fighting       | 4 |  4.1
Maces & Flails | |  3.6

Action                   |  1- 3 |  4- 6 || total
-------------------------+-------+-------++-------
Melee: Mace              |    94 |    73 ||   167
Invok: Trog's Hand       |       |     1 ||     1
Armor: Animal skin       |     5 |       ||     5
       Ring mail         |    40 |    53 ||    93
Dodge: Dodged            |    59 |    64 ||   123

Table legend: (Time is in decaauts)
 A = Elapsed time spent in this place.
 B = Non-inter-level travel time spent in this place.
 C = Inter-level travel time spent in this place.
 D = Time resting spent in this place.
 E = Time spent auto-exploring this place.
 F = Levels seen in this place.
 G = Mean time per level.
                   A        B        C        D        E       F      G
               +--------+--------+--------+--------+--------+-----+--------+
         Total |   1727 |   1666 |     61 |      0 |   1311 |   4 |  431.8 |
       Dungeon |   1655 |   1594 |     61 |      0 |   1245 |   3 |  551.7 |
         Abyss |     71 |     71 |      0 |      0 |     66 |   1 |   71.0 |
               +--------+--------+--------+--------+--------+-----+--------+

Top non-repeatable levels by time:
     D:2: 878 daAuts
     D:1: 766 daAuts
 Abyss:1: 71 daAuts
     D:3: 10 daAuts
